PBL
CINCINNATI REDS @ CHICAGO CUBS
05/07/2071
 
TOP OF THE 1ST
Cincinnati Reds batting - Pitching for Chicago Cubs : LHP Herbie Everhart
Pitching: LHP Herbie Everhart
Batting: RHB Nick Reed 0-0: Ball
1-0: Ball
2-0: Ball
3-0: Called Strike
3-1: Foul Ball, location: 9LDF
3-2: Base on Balls
Batting: RHB Ricardo Márquez 0-0: Ball
Nick Reed steals 2nd base
1-0: SINGLE (Line Drive, 6D, EV 98.8 MPH)
Nick Reed to third
Runner from 3rd tries for Home, SAFE, throw by LF to home
Batting: RHB Ramón García 0-0: Ball
1-0: Fly out, F1 (Popup, 15, EV 79.4 MPH)
Batting: LHB Javier Gómez 0-0: Grounds into double play, 4-6-3 (Groundball, 4, EV 89.4 MPH)
Top of the 1st over - 1 run, 1 hit, 0 errors, 0 left on base; Cincinnati 1 - Chicago 0
BOTTOM OF THE 1ST
Chicago Cubs batting - Pitching for Cincinnati Reds : RHP Roy Bailey
Pitching: RHP Roy Bailey
Batting: LHB Orlando Melero 0-0: Called Strike
0-1: Called Strike
0-2: Ball
1-2: Ball
2-2: Foul Ball, location: 2F
2-2: Strikes out swinging
Batting: LHB Yan Peltier 0-0: Ball
1-0: Ground out 6-3 (Groundball, 6S, EV 68.1 MPH)
Batting: SHB Jesús Mora 0-0: Called Strike
0-1: Ball
1-1: Ball
2-1: Ground out 6-3 (Groundball, 4M, EV 104.4 MPH)
Bottom of the 1st over - 0 runs, 0 hits, 0 errors, 0 left on base; Cincinnati 1 - Chicago 0
TOP OF THE 2ND
Cincinnati Reds batting - Pitching for Chicago Cubs : LHP Herbie Everhart
Batting: LHB Miguel Ballerini 0-0: SINGLE (Groundball, 34D, EV 98.8 MPH)
Batting: LHB Greg McIntosh 0-0: Ball
1-0: Foul Ball, location: 2F
1-1: Fly out, F8 (Flyball, 8LM, EV 85.0 MPH)
Batting: LHB Guo-xiu Tse 0-0: Swinging Strike
0-1: Called Strike
0-2: Ball
1-2: Ball
2-2: Ball
3-2: Strikes out swinging
Batting: RHB Carl Moran 0-0: Ball
1-0: Swinging Strike
1-1: Called Strike
1-2: Fly out, F3 (Popup, 3S, EV 78.1 MPH)
Top of the 2nd over - 0 runs, 1 hit, 0 errors, 1 left on base; Cincinnati 1 - Chicago 0
BOTTOM OF THE 2ND
Chicago Cubs batting - Pitching for Cincinnati Reds : RHP Roy Bailey
Batting: SHB George Moore 0-0: Ball
1-0: SINGLE (Line Drive, 9LS, EV 91.9 MPH)
Batting: RHB Pedro Hernández 0-0: Foul Ball, location: 23F
0-1: Swinging Strike
0-2: Strikes out swinging
Batting: RHB Robert Picot 0-0: Foul Ball, location: 3F
0-1: Called Strike
0-2: Strikes out looking
Batting: LHB Larry Johnson 0-0: Foul Ball, location: 2LF
0-1: Swinging Strike
0-2: Ball
1-2: Ball
2-2: Ball
3-2: Strikes out swinging, 2-3 out at first.
Bottom of the 2nd over - 0 runs, 1 hit, 0 errors, 1 left on base; Cincinnati 1 - Chicago 0
TOP OF THE 3RD
Cincinnati Reds batting - Pitching for Chicago Cubs : LHP Herbie Everhart
Batting: RHB Sancho Madrigal 0-0: Called Strike
0-1: Ball
1-1: Fly out, F8 (Flyball, 89M, EV 91.3 MPH)
Batting: RHB Nick Reed 0-0: Ball
1-0: DOUBLE (Line Drive, 5D, EV 108.1 MPH)
Batting: RHB Ricardo Márquez 0-0: SINGLE (Groundball, 6, EV 86.9 MPH)
Nick Reed to third
Runner from 3rd tries for Home, SAFE, throw by CF to home
Batting: RHB Ramón García 0-0: Called Strike
0-1: Ball
1-1: Ball
2-1: Ground out 5-3 (Groundball, 56S, EV 69.4 MPH)
Ricardo Márquez to second
Batting: LHB Javier Gómez 0-0: Ball
1-0: Foul Ball, location: 7LDF
1-1: Called Strike
1-2: Foul Ball, location: 2F
1-2: Strikes out swinging
Top of the 3rd over - 1 run, 2 hits, 0 errors, 1 left on base; Cincinnati 2 - Chicago 0
BOTTOM OF THE 3RD
Chicago Cubs batting - Pitching for Cincinnati Reds : RHP Roy Bailey
Batting: RHB José Rodríguez 0-0: Called Strike
0-1: Ball
1-1: Swinging Strike
1-2: Ball
2-2: Foul Ball, location: 2RF
2-2: Reached on error, E6 (Groundball, 6, EV 91.3 MPH)
Batting: RHB Eddie Brown 0-0: Swinging Strike
0-1: Ball
1-1: SINGLE (Groundball, 4MD, EV 93.8 MPH)
José Rodríguez to second
Batting: LHB Orlando Melero 0-0: Called Strike
0-1: SINGLE (Line Drive, 4MD, EV 68.1 MPH)
José Rodríguez to third
Eddie Brown to second
Runner from 3rd tries for Home, SAFE, throw by CF to home
Batting: LHB Yan Peltier 0-0: Ball
1-0: Ball
2-0: Ball
3-0: Called Strike
3-1: Called Strike
3-2: Foul Ball, location: 2F
3-2: Fly out, F8 (Flyball, 89D, EV 110.0 MPH)
Runner from 2nd tags up, OUT at 3rd! 8-5
Batting: SHB Jesús Mora 0-0: Ball
1-0: Ball
2-0: SINGLE (Line Drive, 6MD, EV 99.4 MPH)
Orlando Melero to second
Runner from 2nd tries for 3rd, SAFE, throw by CF made to third
Batting: SHB George Moore 0-0: Called Strike
0-1: Ground out 4-3 (Groundball, 4D, EV 110.0 MPH)
Bottom of the 3rd over - 1 run, 3 hits, 1 error, 2 left on base; Cincinnati 2 - Chicago 1
TOP OF THE 4TH
Cincinnati Reds batting - Pitching for Chicago Cubs : LHP Herbie Everhart
Batting: LHB Miguel Ballerini 0-0: Ball
1-0: SOLO HOME RUN (Flyball, 9LD, EV 96.9 MPH), Distance : 369 ft
Batting: LHB Greg McIntosh 0-0: Foul Ball, location: 3DF
0-1: Ball
1-1: Ball
2-1: Foul Ball, location: 7LDF
2-2: Strikes out looking
Batting: LHB Guo-xiu Tse 0-0: Ball
1-0: Ground out 6-3 (Groundball, 6M, EV 103.8 MPH)
Batting: RHB Carl Moran 0-0: Ball
1-0: Ball
2-0: Ball
3-0: Base on Balls
Batting: RHB Sancho Madrigal 0-0: Ball
1-0: Called Strike
1-1: Ball
2-1: Foul Ball, location: 2F
2-2: Foul Ball, location: 9LSF
2-2: Strikes out swinging
Top of the 4th over - 1 run, 1 hit, 0 errors, 1 left on base; Cincinnati 3 - Chicago 1
BOTTOM OF THE 4TH
Chicago Cubs batting - Pitching for Cincinnati Reds : RHP Roy Bailey
Batting: RHB Pedro Hernández 0-0: Ball
1-0: Ball
2-0: Foul Ball, location: 2F
2-1: Swinging Strike
2-2: Foul Ball, location: 3SF
2-2: Ball
3-2: Base on Balls
Batting: RHB Robert Picot 0-0: Ball
1-0: Called Strike
1-1: Swinging Strike
1-2: Foul Ball, location: 2RF
1-2: Foul Ball, location: 5F
1-2: Ball
2-2: Fielders Choice at 2nd, 6-4 (Groundball, 6, EV 81.3 MPH)
Batting: LHB Larry Johnson 0-0: Called Strike
0-1: Fielders Choice at 2nd, 5-4 (Groundball, 56, EV 100.6 MPH)
Batting: RHB José Rodríguez 0-0: Foul Ball, location: 7LSF
0-1: Ball
1-1: SINGLE (Groundball, 6MD, EV 98.8 MPH)
Larry Johnson to second
Batting: RHB Eddie Brown 0-0: Called Strike
0-1: Foul Ball, location: 2F
0-2: Foul Ball, location: 9LSF
0-2: Ball
1-2: Ball
2-2: Foul Ball, location: 2F
2-2: Ground out 3-1 (Groundball, 34S, EV 73.1 MPH)
Bottom of the 4th over - 0 runs, 1 hit, 0 errors, 2 left on base; Cincinnati 3 - Chicago 1
TOP OF THE 5TH
Cincinnati Reds batting - Pitching for Chicago Cubs : LHP Herbie Everhart
Batting: RHB Nick Reed 0-0: Called Strike
0-1: Swinging Strike
0-2: Strikes out swinging
Batting: RHB Ricardo Márquez 0-0: Foul Ball, location: 25F
0-1: Ball
1-1: Foul Ball, location: 9LMF
1-2: Ball
2-2: Foul Ball, location: 3FF
2-2: Ground out 5-3 (Groundball, 56, EV 81.3 MPH)
Batting: RHB Ramón García 0-0: Called Strike
0-1: Ball
1-1: Ball
2-1: Ground out 6-3 (Groundball, 6M, EV 85.6 MPH)
Top of the 5th over - 0 runs, 0 hits, 0 errors, 0 left on base; Cincinnati 3 - Chicago 1
BOTTOM OF THE 5TH
Chicago Cubs batting - Pitching for Cincinnati Reds : RHP Roy Bailey
Batting: LHB Orlando Melero 0-0: Ball
1-0: Swinging Strike
1-1: Called Strike
1-2: Strikes out swinging
Batting: LHB Yan Peltier 0-0: Ground out U3 (Groundball, 3, EV 85.6 MPH)
Batting: SHB Jesús Mora 0-0: Called Strike
0-1: Ball
1-1: Foul Ball, location: 5F
1-2: Ball
2-2: Strikes out looking
Bottom of the 5th over - 0 runs, 0 hits, 0 errors, 0 left on base; Cincinnati 3 - Chicago 1
TOP OF THE 6TH
Cincinnati Reds batting - Pitching for Chicago Cubs : LHP Herbie Everhart
Batting: LHB Javier Gómez 0-0: Ball
1-0: Ball
2-0: Ball
3-0: Swinging Strike
3-1: Base on Balls
Pitching: RHP Michael Riley
Batting: LHB Miguel Ballerini 0-0: Called Strike
0-1: Swinging Strike
0-2: Ball
1-2: Ball
2-2: Fielders Choice at 2nd, 4-6 (Groundball, 4, EV 103.8 MPH)
Batting: LHB Greg McIntosh 0-0: Ball
1-0: Fielders Choice at 2nd, 6-4 (Groundball, 6M, EV 97.5 MPH)
Batting: LHB Guo-xiu Tse 0-0: Ball
1-0: Ball
2-0: Fly out, F5 (Line Drive, 6D, EV 61.3 MPH)
Top of the 6th over - 0 runs, 0 hits, 0 errors, 1 left on base; Cincinnati 3 - Chicago 1
BOTTOM OF THE 6TH
Chicago Cubs batting - Pitching for Cincinnati Reds : RHP Roy Bailey
Batting: SHB George Moore 0-0: Ball
1-0: Ground out 1-3 (Groundball, 34S, EV 71.3 MPH)
Batting: RHB Pedro Hernández 0-0: Ball
1-0: Called Strike
1-1: Fly out, F7 (Line Drive, 7, EV 97.5 MPH)
Batting: RHB Robert Picot 0-0: Called Strike
0-1: Ground out 4-3 (Groundball, 4MS, EV 84.4 MPH)
Bottom of the 6th over - 0 runs, 0 hits, 0 errors, 0 left on base; Cincinnati 3 - Chicago 1
TOP OF THE 7TH
Cincinnati Reds batting - Pitching for Chicago Cubs : RHP Michael Riley
Batting: RHB Carl Moran 0-0: Ball
1-0: Ball
2-0: Called Strike
2-1: Swinging Strike
2-2: Strikes out swinging
Batting: RHB Sancho Madrigal 0-0: Ball
1-0: SINGLE (Groundball, 4MD, EV 84.4 MPH) (infield hit)
Batting: RHB Nick Reed 0-0: Ball
Sancho Madrigal steals 2nd base
1-0: Intentional Walk
Batting: RHB Ricardo Márquez 0-0: Ball
1-0: Called Strike
1-1: Ball
2-1: Ball
3-1: Base on Balls
Sancho Madrigal to third
Nick Reed to second
Batting: RHB Ramón García 0-0: Called Strike
0-1: SINGLE (Groundball, 6, EV 101.3 MPH) (infield hit)
Sancho Madrigal scores
Nick Reed to third
Ricardo Márquez to second
Pitching: RHP Ricardo Ramírez
Batting: LHB Javier Gómez 0-0: Called Strike
0-1: Fly out, F8 (Flyball, 89D, EV 102.5 MPH)
Runner from 3rd tags up, SCORES, no throw by CF
Batting: LHB Miguel Ballerini 0-0: Called Strike
0-1: Foul Ball, location: 2F
0-2: Strikes out swinging
Top of the 7th over - 2 runs, 2 hits, 0 errors, 2 left on base; Cincinnati 5 - Chicago 1
BOTTOM OF THE 7TH
Chicago Cubs batting - Pitching for Cincinnati Reds : RHP Roy Bailey
Pitching: RHP Nathaniel Whitehead
Batting: LHB Larry Johnson 0-0: Called Strike
0-1: Ball
1-1: Ball
2-1: Swinging Strike
2-2: Strikes out swinging
Batting: RHB José Rodríguez 0-0: Called Strike
0-1: Called Strike
0-2: Ball
1-2: Strikes out swinging
Batting: RHB Eddie Brown 0-0: Foul Ball, location: 3F
0-1: Called Strike
0-2: Fly out, F8 (Flyball, 8RD, EV 92.5 MPH)
Bottom of the 7th over - 0 runs, 0 hits, 0 errors, 0 left on base; Cincinnati 5 - Chicago 1
TOP OF THE 8TH
Cincinnati Reds batting - Pitching for Chicago Cubs : RHP Ricardo Ramírez
Batting: LHB Greg McIntosh 0-0: Swinging Strike
0-1: Foul Ball, location: 2F
0-2: Ball
1-2: Ball
2-2: SINGLE (Groundball, 34D, EV 103.1 MPH)
Batting: LHB Guo-xiu Tse 0-0: SINGLE (Groundball, 34D, EV 100.6 MPH) - runner OUT being hit by batted ball. (infield hit)
Batting: RHB Carl Moran 0-0: Foul Ball, location: 7LSF
0-1: Grounds into double play, 5-4-3 (Groundball, 56, EV 102.5 MPH)
Top of the 8th over - 0 runs, 2 hits, 0 errors, 0 left on base; Cincinnati 5 - Chicago 1
BOTTOM OF THE 8TH
Chicago Cubs batting - Pitching for Cincinnati Reds : RHP Nathaniel Whitehead
Batting: LHB Orlando Melero 0-0: Ground out 4-3 (Groundball, 4S, EV 85.6 MPH)
Batting: LHB Yan Peltier 0-0: Foul Ball, location: 3SF
0-1: Foul Ball, location: 7LSF
0-2: Ground out 3-1 (Groundball, 34, EV 72.5 MPH)
Batting: SHB Jesús Mora 0-0: Ball
1-0: Ball
2-0: Called Strike
2-1: Ground out U3 (Groundball, 3, EV 103.1 MPH)
Bottom of the 8th over - 0 runs, 0 hits, 0 errors, 0 left on base; Cincinnati 5 - Chicago 1
TOP OF THE 9TH
Cincinnati Reds batting - Pitching for Chicago Cubs : RHP Ricardo Ramírez
Pitching: RHP Richard Jackson
Batting: RHB Sancho Madrigal 0-0: Ball
1-0: Called Strike
1-1: Foul Ball, location: 9LSF
1-2: Foul Ball, location: 23F
1-2: Foul Ball, location: 2F
1-2: Ball
2-2: TRIPLE (Line Drive, 89XD, EV 103.1 MPH)
Batting: RHB Nick Reed 0-0: Intentional Walk
DELAY Rain delay of 15 minutes in the 9th inning.
Batting: RHB Ricardo Márquez 0-0: Foul Ball, location: 5F
0-1: Ball
1-1: Called Strike
1-2: Strikes out swinging
Batting: RHB Ramón García 0-0: Fly out, F8 (Flyball, 8RM, EV 81.9 MPH)
Runner from 3rd tags up, SCORES, throw by CF
Batting: LHB Javier Gómez 0-0: Foul Ball, location: 2F
0-1: DOUBLE (Line Drive, 9LS, EV 101.9 MPH)
Nick Reed to third
Runner from 3rd tries for Home, SAFE, throw by RF to trailing runner, OUT at third! 9-3-5
Top of the 9th over - 2 runs, 2 hits, 0 errors, 0 left on base; Cincinnati 7 - Chicago 1
BOTTOM OF THE 9TH
Chicago Cubs batting - Pitching for Cincinnati Reds : RHP Nathaniel Whitehead
Batting: SHB George Moore 0-0: Called Strike
0-1: Foul Ball, location: 2F
0-2: Ball
1-2: Ball
2-2: Foul Ball, location: 2RF
2-2: Foul Ball, location: 3SF
2-2: Ball
3-2: Foul Ball, location: 7LDF
3-2: Fly out, F8 (Line Drive, 8RD, EV 106.3 MPH)
Batting: RHB Pedro Hernández 0-0: Fly out, F4 (Popup, 34D, EV 70.0 MPH)
Batting: RHB Robert Picot 0-0: Foul Ball, location: 5DF
0-1: DOUBLE (Flyball, 8LXD, EV 107.5 MPH)
Batting: LHB Larry Johnson 0-0: Foul Ball, location: 7LMF
0-1: Ball
1-1: Called Strike
1-2: Ball
2-2: SINGLE (Line Drive, 7LS, EV 100.6 MPH)
Robert Picot to third
Pitching: RHP Ricky Bray
Batting: RHB José Rodríguez 0-0: Ball
1-0: Swinging Strike
1-1: Ball
2-1: Ground out 5-3 (Groundball, 56, EV 100.0 MPH)
Bottom of the 9th over - 0 runs, 2 hits, 0 errors, 2 left on base; Cincinnati 7 - Chicago 1
Saturday, April 13th , 2024 - OOTP Baseball 24.10 Build 82